 Dungeon Crawl Stone Soup version 0.32-a0-791-gfc315c9ecd (webtiles) character file.

Game seed: 12692420643701567260

141 Griffin23 the Covered (level 5, -2/47 HPs)
             Began as a Minotaur Fighter on Mar 20, 2024.
             Was a Believer of Nemelex Xobeh.
             Killed from afar by an orc wizard (9 damage)
             ... with a puff of flame
             ... on level 3 of the Dungeon.
             The game lasted 00:02:19 (1877 turns).

Griffin23 the Covered (Minotaur Fighter)            Turns: 1877, Time: 00:02:19

Health: -2/47      AC:  7    Str: 22    XL:     5   Next: 3%
Magic:  4/4        EV:  8    Int:  5    God:    Nemelex Xobeh [**....]
Gold:   115        SH:  0    Dex: 10    Spells: 4/4 levels left

rFire   . . .        a - +0 long sword
rCold   . . .        c - +0 buckler
rNeg    . . .        b - +0 scale mail
rPois   .            (helmet restricted)
rElec   .            (no cloak)
rCorr   .            (no gloves)
SInv    .            (no boots)
Will    .....        (no amulet) Stlth
                     (no ring)
HPRegen 0.27/turn    (no ring)
MPRegen 0.09/turn

%: no passive effects
@: confused
A: horns 2, retaliatory headbutt
a: Renounce Religion, Draw Escape, Draw Destruction, Draw Summoning


You were on level 3 of the Dungeon.
You worshipped Nemelex Xobeh.
Nemelex Xobeh was pleased with you.
You visited 1 branch of the dungeon, and saw 3 of its levels.

You collected 115 gold pieces.

Inventory:

Hand Weapons
 a - a +0 long sword (weapon)
Armour
 b - a +0 scale mail (worn)
 c - a +0 buckler (worn)
 r - a +0 chain mail
Jewellery
 j - an amulet of faith
Wands
 n - a wand of mindburst (13)
Scrolls
 f - 3 scrolls of identify {unknown}
 g - a scroll of immolation {unknown}
 h - a scroll of enchant weapon {unknown}
 i - 2 scrolls of vulnerability {unknown}
 k - a scroll of teleportation {unknown}
 l - a scroll of revelation {unknown}
 p - a scroll of poison {unknown}
Potions
 d - a potion of might
 e - 3 potions of curing {unknown}
 m - a potion of brilliance {unknown}
 o - a potion of experience {unknown}
 q - a potion of haste {unknown}


   Skills:
 + Level 4.4 Fighting
 * Level 3.8 Long Blades
 + Level 4.6 Armour
 + Level 4.4 Shields
 + Level 1.2 Invocations


You had 4 spell levels left.
You didn't know any spells.
Your spell library was empty.

Dungeon Overview and Level Annotations

Branches:
Dungeon (3/15)

Altars:
Nemelex Xobeh

Shops:
D:2 (


Innate Abilities, Weirdness & Mutations

You have a pair of horns on your head.
You reflexively headbutt those who attack you in melee.


Message History

You hit something but do no damage. You block something's attack.
You block the orc's attack. The orc hits you with a +0 hand axe.
The orc suddenly shouts.
You hit something.
You hear some strange, mumbled words.
You are confused.
The orc closely misses you. The orc hits you but does no damage.
You miss something. Something hits you. The orc hits you but does no damage.
The orc closely misses you.
You hear some strange, mumbled words.
A puff of flame appears from out of thin air!
The puff of flame hits you.
You barely miss something. The orc hits you with a +0 hand axe.
The orc hits you but does no damage.
You hear some strange, mumbled words.
You are more confused.
The orc barely misses you. The orc hits you but does no damage.
The orc hits you from afar with a +0 trident.
You miss something. Your headbutt misses something.
Something hits you but does no damage. The orc hits you but does no damage.
You closely miss something. Your headbutt misses something.
Something hits you but does no damage.
The orc hits you from afar with a +0 trident.
* * * LOW HITPOINT WARNING * * *
You closely miss something. Something hits you but does no damage.
The orc closely misses you. Something hits you but does no damage.
You closely miss something. Your headbutt misses something.
The orc closely misses you.
You hear some strange, mumbled words.
You are more confused.
The orc hits you from afar with a +0 trident!
* * * LOW HITPOINT WARNING * * *
You miss something. Your headbutt misses something.
Something hits you but does no damage. The orc closely misses you.
You barely miss something. Your headbutt misses something.
You hear some strange, mumbled words.
A puff of flame appears from out of thin air!
The puff of flame hits you!
You die...
Your body glows slightly and disappears.

###### ......
......###############
...............#....# ###
...............#.##.# ...#
.............o.#.##.###.#.#
............ooo..##.......#
).....#######{######....###
..... #####@##<# #.###...#
...... #.....##'###.###.#.#
#.....###.##.............#
# ..
#..)...##.........##### .
#...)..##.........# ###+###
#......##..................
#..........................
#.....)###########.........
#.....).....# #.........


You could see 4 orcs.

Vanquished Creatures
  Jessica (D:2)
  An adder (D:3)
  3 gnolls (D:2)
  5 dart slugs
  A ribbon worm (D:2)
  6 ball pythons
  4 endoplasms
  A giant cockroach (D:1)
  4 hobgoblins
  3 jackals (D:1)
  3 quokkas (D:1)
  8 bats
  5 frilled lizards
  10 goblins
  4 kobolds
  4 rats
63 creatures vanquished.

Notes
Turn   | Place    | Note
-------+----------+-------------------------------------------
     0 | D:1      | Griffin23 the Minotaur Fighter began the quest for the Orb.
     0 | D:1      | Reached XP level 1. HP: 19/19 MP: 0/0
    76 | D:1      | Reached XP level 2. HP: 16/27 MP: 1/1
   224 | D:1      | Found a faded altar of an unknown god.
   236 | D:1      | Prayed at the altar of an unknown god.
   236 | D:1      | Became a worshipper of Nemelex Xobeh the Trickster
   236 | D:1      | Reached * piety under Nemelex Xobeh
   318 | D:1      | Received a gift from Nemelex Xobeh
   400 | D:1      | Reached XP level 3. HP: 33/33 MP: 2/2
   913 | D:2      | Noticed Jessica
   920 | D:2      | Killed Jessica
   947 | D:2      | Reached XP level 4. HP: 38/40 MP: 3/3
   954 | D:2      | Received a gift from Nemelex Xobeh
  1043 | D:2      | Reached ** piety under Nemelex Xobeh
  1150 | D:2      | Reached skill level 1 in Invocations
  1445 | D:2      | Found Diyraat's Weapon Emporium.
  1801 | D:3      | Reached XP level 5. HP: 46/47 MP: 4/4
  1877 | D:3      | Killed from afar by an orc wizard

Illustrated notes

Levels and vault maps discovered:
D:1:      dpeg_arrival_simpleton_a, layout_basic, basic_ecumenical_altar,
          hex_large, st_stairs_13
D:2:      layout_loops_ring, serial_shops, shop, serial_aquarium,
          aquarium_bridge_square [aquarium_subvault_bridge,
          aquarium_subvault_wall, aquarium_subvault_bridge,
          aquarium_subvault_wall], aquarium_window_3, aquarium_window_fake,
          aquarium_window_corner, aquarium_view_2a, aquarium_view_2c,
          aquarium_balcony_double_1, aquarium_pool_corner, uniq_jessica
D:3:      layout_basic, lightli_temple_of_fire, uniq_robin

Skill      XL: |  1  2  3  4 |
---------------+-------------+-----
Shields        | 4 |  4.4
Fighting       | 4 |  4.4
Armour         | 4 |  4.6
Long Blades    | 3 |  3.8
Invocations    | 1 |  1.2

Action                     |  1- 3 |  4- 6 || total
---------------------------+-------+-------++-------
  Melee: Long sword        |    65 |    88 ||   153
         Headbutt          |     7 |    12 ||    19
 Armour: Scale mail        |    54 |    90 ||   144
  Dodge: Dodged            |    38 |    34 ||    72
  Block: Buckler           |    21 |    19 ||    40

Table legend: (Time is in decaauts)
 A = Elapsed time spent in this place.
 B = Non-inter-level travel time spent in this place.
 C = Inter-level travel time spent in this place.
 D = Time resting spent in this place.
 E = Time spent auto-exploring this place.
 F = Levels seen in this place.
 G = Mean time per level.
                   A        B        C        D        E       F      G
               +--------+--------+--------+--------+--------+-----+--------+
         Total |   1916 |   1868 |     48 |      0 |   1477 |   3 |  638.7 |
       Dungeon |   1916 |   1868 |     48 |      0 |   1477 |   3 |  638.7 |
               +--------+--------+--------+--------+--------+-----+--------+

Top non-repeatable levels by time:
     D:2: 876 daAuts
     D:1: 851 daAuts
     D:3: 189 daAuts
